[Event "Late-Titled-Tuesday-Blitz-March-19-2024"]
[Site "Chess.com"]
[Date "2024.03.19"]
[Round "10"]
[White "ozates"]
[Black "GM_shahin"]
[Result "1-0"]
[WhiteElo "2599"]
[BlackElo "2860"]
[TimeControl "180+1"]
[EndTime "15:53:04 PDT"]
[Termination "ozates won by checkmate"]

1. e4 e5 2. Nf3 Nc6 3. Bc4 Bc5 4. c3 Nf6 5. d3 O-O 6. O-O d5 7. exd5 Nxd5 8. h3 Bf5 9. Re1 Nb6 10. Bb5 f6 11. a4 a6 12. Bxc6 bxc6 13. a5 Nd5 14. d4 exd4 15. Nxd4 Bd7 16. Na3 Re8 17. Nac2 Rxe1+ 18. Qxe1 Qf8 19. Bd2 Re8 20. Qf1 Bc8 21. Re1 Rxe1 22.
Qxe1 Bxd4 23. Nxd4 c5 24. Qe4 Bb7 25. Nf5 Ba8 26. c4 Nb4 27. Qe6+ Qf7 28. Qc8+ Qf8 29. Qxc7 Nd3 30. Bc3 Be4 31. Ne7+ Kh8 32. Qd6 Qa8 33. Bxf6 Bxg2 34. Nf5 Be4 35. Bxg7+ Kg8 36. Qe6# 1-0

[Event "Late-Titled-Tuesday-Blitz-March-19-2024"]
[Site "Chess.com"]
[Date "2024.03.19"]
[Round "10"]
[White "SoltaniciR"]
[Black "Byniolus"]
[Result "0-1"]
[WhiteElo "2657"]
[BlackElo "2788"]
[TimeControl "180+1"]
[EndTime "15:53:09 PDT"]
[Termination "Byniolus won by resignation"]

1. e4 d6 2. d4 Nf6 3. Nc3 c6 4. Nf3 Bg4 5. h3 Bh5 6. g4 Bg6 7. Qe2 e6 8. h4 h5 9. g5 Nfd7 10. Bh3 Be7 11. d5 cxd5 12. exd5 e5 13. Be3 O-O 14.
O-O-O Na6 15. Nd2 b5 16. Qxb5 Nac5 17. Nb3 Rb8 18. Qe2 Qc7 19. f4 exf4 20. Bxf4 Rfe8 21. Rhe1 Nxb3+ 22. axb3 Nc5 23. Qh2 Nxb3+ 24. cxb3 Rxb3 25. Re3 Reb8 26. Rde1 Qa5 27. Nb1 Qa1 28. Rxb3 Qxb1+ 29. Kd2 Qc2+ 0-1

[Event "Late-Titled-Tuesday-Blitz-March-19-2024"]
[Site "Chess.com"]
[Date "2024.03.19"]
[Round "10"]
[White "NoSpaghettiForYou"]
[Black "Boundless_Strike"]
[Result "1-0"]
[WhiteElo "2484"]
[BlackElo "2617"]
[TimeControl "180+1"]
[EndTime "15:53:09 PDT"]
[Termination "NoSpaghettiForYou won by resignation"]

1. Nf3 d6 2. d4 e5 3. dxe5 Bg4 4. exd6 Bxd6 5. h3 Bh5 6. Qd5 Nf6 7. Qxb7 Nbd7 8.
Qb3 O-O 9. g4 Bg6 10. Bg2 Rb8 11. Qa4 Nc5 12. Qc4 Nfe4 13. Nbd2 Re8 14. b4 Na4 15. a3 Nac3 16. e3 a5 17. Nxe4 Nxe4 18.
c3 axb4 19. cxb4 Qf6 20. Ra2 Nc3 21. Rd2 Re4 22. Qb3 h6 23. Bb2 Bg3 24. O-O Bxf2+ 1-0

[Event "Late-Titled-Tuesday-Blitz-March-19-2024"]
[Site "Chess.com"]
[Date "2024.03.19"]
[Round "10"]
[White "Bilan_Danila"]
[Black "MalyDominator"]
[Result "0-1"]
[WhiteElo "2637"]
[BlackElo "2545"]
[TimeControl "180+1"]
[EndTime "15:53:10 PDT"]
[Termination "MalyDominator won by resignation"]

1. d4 Nf6 2. Nf3 e6 3. c4 d5 4.
Nc3 c5 5. cxd5 Nxd5 6. e4 Nxc3 7.
bxc3 cxd4 8. cxd4 Bb4+ 9. Bd2 Bxd2+ 10. Qxd2 O-O 11. Bd3 Nd7 12. O-O b6 13. e5 Bb7 14.
Qf4 h6 15. Nd2 Rc8 16. Ne4 Bxe4 17. Qxe4 g6 18. Rac1 Qg5 19. f4 Qd8 20. Ba6 Rxc1 21.
Rxc1 Nb8 22. Bb7 Qd7 23. Bc6 Nxc6 24. Rxc6 Rd8 25. Rd6 Qc7 26. Qc6 Qxc6 27. Rxc6 Rxd4 28. g3 Rd1+ 29. Kg2 Rd2+ 30. Kf3 Rxa2 31. h3 b5 32. g4 b4 33. Ke4 a5 34. f5 gxf5+ 35. gxf5 exf5+ 36. Kxf5 b3 37. Rb6 a4 38. h4 Rf2+ 39. Kg4 b2 40. Kh5 Kg7 41. e6 fxe6 42. Rb7+ Kf6 43. Rb8 Ke7 44. Kxh6 a3 45. h5 a2 46. Rb7+ Kd6 0-1

[Event "Late-Titled-Tuesday-Blitz-March-19-2024"]
[Site "Chess.com"]
[Date "2024.03.19"]
[Round "10"]
[White "Cambek64"]
[Black "maurovargas01"]
[Result "1-0"]
[WhiteElo "2461"]
[BlackElo "1845"]
[TimeControl "180+1"]
[EndTime "15:53:10 PDT"]
[Termination "Cambek64 won on time"]

1. e4 d5 2. Nc3 d4 3. Nce2 c5 4. Ng3 h5 5. Bb5+ Nd7 6. Nxh5 a6 7. Bxd7+ Bxd7 8. Ng3 Nf6 9. d3 Ng4 10. Nf3 e5 11. h3 Bd6 12. hxg4 Rxh1+ 13. Nxh1 Bxg4 14. Ng3 Qa5+ 15. Bd2 Qb5 16. b3 O-O-O 17. a4 Qd7 18. Qe2 g6 19. Kd1 Rh8 20. Kc1 f5 21. Kb2 f4 22. Nf1 Qe7 23. a5 Qd7 24. Be1 Qb5 25.
N1d2 Bc7 26. Nc4 Rh1 27. Bd2 Rh8 28. Qe1 Re8 29. Qh1 Be6 30. Qh6 Bf7 31. Qg7 Re7 32.
Qf8+ Kd7 33. Ng5 Bxc4 34. dxc4 Qc6 35. f3 Bd6 36. Qg8 Bc7 37. Qd5+ Bd6 38. Qxc6+ Kxc6 39. Rh1 Rg7 40. Rh6 Be7 41. Nh3 Kd7 42. Nf2 Bf8 43.
Nd3 1-0

[Event "Late-Titled-Tuesday-Blitz-March-19-2024"]
[Site "Chess.com"]
[Date "2024.03.19"]
[Round "10"]
[White "Zhigalko_Sergei"]
[Black "platy3"]
[Result "0-1"]
[WhiteElo "2891"]
[BlackElo "2980"]
[TimeControl "180+1"]
[EndTime "15:53:12 PDT"]
[Termination "platy3 won on time"]

1. g4 d5 2. Bg2 c6 3. g5 h6 4. h4 hxg5 5. hxg5 Rxh1 6. Bxh1 e5 7. d3 Bd6 8. c4 d4 9. Nf3 Ne7 10. Nbd2 Bf5 11. Nh4 g6 12. a3 a5 13. Ne4 Bxe4 14.
Bxe4 Nd7 15. Rb1 Nc5 16. b4 axb4 17. axb4 Nxe4 18. dxe4 Qd7 19. Qd3 Qg4 20. Nf3 Ra2 21. Qb3 Ra8 22. c5 Bc7 23. Qc2 Qe6 24. Qb3 Qh3 25. Qc2 d3 26. Qc3 Rd8 27. Be3 Qh1+ 28. Kd2 Qxb1 0-1

[Event "Late-Titled-Tuesday-Blitz-March-19-2024"]
[Site "Chess.com"]
[Date "2024.03.19"]
[Round "10"]
[White "TheKnightOfBosnia"]
[Black "DeTimmerman"]
[Result "0-1"]
[WhiteElo "2630"]
[BlackElo "2761"]
[TimeControl "180+1"]
[EndTime "15:53:12 PDT"]
[Termination "DeTimmerman won by resignation"]

1. e4 e5 2. Nf3 Nc6 3. Bb5 f5 4. d3 fxe4 5. dxe4 Nf6 6. Qd3 d6 7. Qc4 Bd7 8. Nc3 a6 9. Bxc6 bxc6 10. O-O Qe7 11. h3 Qf7 12. Qd3 Be7 13. b3 O-O 14. Ba3 Qg6 15. Nxe5 Qh5 16. Nxd7 Nxd7 17. f4 Kh8 18. Rae1 Bh4 19. Rd1 Rf7 20. Qc4 c5 21.
Nd5 Nf6 22. Bb2 Nd7 23. Nxc7 Nb6 24. Qd3 Rxc7 25. Qxd6 Rd7 26. Bxg7+ Rxg7 27. Qxb6 Qe2 28. g4 Rxg4+ 29. hxg4 Qxg4+ 30. Kh2 Qg3+ 31. Kh1 Qh3+ 32.
Kg1 Rg8+ 0-1

[Event "Late-Titled-Tuesday-Blitz-March-19-2024"]
[Site "Chess.com"]
[Date "2024.03.19"]
[Round "10"]
[White "Zq1"]
[Black "HandKnit"]
[Result "1-0"]
[WhiteElo "2637"]
[BlackElo "2503"]
[TimeControl "180+1"]
[EndTime "15:53:12 PDT"]
[Termination "Zq1 won by resignation"]

1. d4 Nf6 2. c4 e6 3. g3 Bb4+ 4. Nd2 a5 5. Bg2 O-O 6. Nf3 Re8 7. O-O Nc6 8. Qc2 d6 9. Nb1 d5 10. c5 a4 11. a3 Ba5 12. Qxa4 Bd7 13. Qc2 e5 14. dxe5 Nxe5 15. Nxe5 Rxe5 16. Bf4 Re8 17. Be3 c6 18. Bd4 Bg4 19. e3 Bc7 20. b4 Bh5 21. Nd2 Bg6 22. Qb2 h5 23. a4 h4 24. b5 hxg3 25.
hxg3 Ng4 26. Nf3 Be4 27. b6 Bb8 28. a5 Bxf3 29. Bxf3 Qg5 30. Qe2 Nh6 31. Bg2 Nf5 32. Qf3 Re6 33. Bh3 Nxd4 34. exd4 Rg6 35. Rfe1 Qd2 36.
Re8+ Kh7 37. Bf5 1-0

[Event "Late-Titled-Tuesday-Blitz-March-19-2024"]
[Site "Chess.com"]
[Date "2024.03.19"]
[Round "10"]
[White "EsmeraldasAnderson03"]
[Black "DamianoLew95"]
[Result "0-1"]
[WhiteElo "2574"]
[BlackElo "2736"]
[TimeControl "180+1"]
[EndTime "15:53:15 PDT"]
[Termination "DamianoLew95 won by checkmate"]

1. d4 Nf6 2. c4 c6 3. Nc3 d5 4. cxd5 cxd5 5. Bf4 Nc6 6. e3 a6 7. Nf3 Bg4 8. h3 Bxf3 9. Qxf3 e6 10. Bd3 Bd6 11.
Bg5 h6 12. Bh4 g5 13. Bg3 Bxg3 14. Qxg3 Qe7 15. a3 Rc8 16. O-O Qc7 17. f4 Rg8 18. Qf2 g4 19. Qh4 Qe7 20. f5 e5 21. hxg4 Rxg4 22. Qxh6 Kd7 23. Be2 Rgg8 24. dxe5 Qxe5 25.
Rad1 Rce8 26. Bf3 Ne7 27. e4 d4 28. Ne2 Nc6 29. Qd2 Kc8 30. Nxd4 Qc5 31. Qf2 Nxd4 32. Rc1 Nxf3+ 33. Kh1 Rh8+ 34. Qh4 Rxh4# 0-1

[Event "Late-Titled-Tuesday-Blitz-March-19-2024"]
[Site "Chess.com"]
[Date "2024.03.19"]
[Round "10"]
[White "alexrustemov"]
[Black "bescmelasti"]
[Result "1/2-1/2"]
[WhiteElo "2848"]
[BlackElo "2697"]
[TimeControl "180+1"]
[EndTime "15:53:16 PDT"]
[Termination "Game drawn by repetition"]

1. d4 Nf6 2. c4 e6 3. Nf3 d5 4. Nc3 dxc4 5. e3 a6 6. a4 c5 7. Bxc4 cxd4 8. exd4 Nc6 9. O-O Be7 10. Re1 O-O 11.
d5 exd5 12. Nxd5 Nxd5 13. Qxd5 Be6 14. Qe4 Bxc4 15. Qxc4 Bb4 16. Bd2 Bxd2 17. Red1 Qf6 18. Rxd2 Rad8 19. Rad1 Qxb2 20. h4 Qf6 21. Rd7 Rxd7 22.
Rxd7 h6 23. Qe4 Rb8 24. g4 b5 25. g5 Qe6 26. Qxe6 fxe6 27. Rc7 Nd8 28. axb5 axb5 29. gxh6 gxh6 30. Ne5 b4 31. Nd7 b3 32. Nf6+ Kf8 33.
Nh7+ Kg8 34. Nf6+ Kf8 35. Nh7+ Kg8 36. Nf6+ 1/2-1/2

[Event "Late-Titled-Tuesday-Blitz-March-19-2024"]
[Site "Chess.com"]
[Date "2024.03.19"]
[Round "10"]
[White "rcmz"]
[Black "shirovin"]
[Result "0-1"]
[WhiteElo "2203"]
[BlackElo "2060"]
[TimeControl "180+1"]
[EndTime "15:53:16 PDT"]
[Termination "shirovin won on time"]

1. b4 Nf6 2. Bb2 g6 3. c4 Bg7 4.
e3 O-O 5. Nf3 a5 6. b5 c6 7. Be2 cxb5 8. cxb5 d6 9. O-O Bg4 10. a4 Nbd7 11. Nc3 Nc5 12. d4 Nce4 13. Nxe4 Nxe4 14. Nd2 Nxd2 15. Qxd2 Bxe2 16. Qxe2 Rc8 17. Rac1 Qd7 18. Qd2 Rxc1 19. Rxc1 Rc8 20. h3 b6 21.
Rxc8+ Qxc8 22. Qc3 Qf5 23. f3 Qb1+ 24. Qc1 Qa2 25.
Qc2 h5 26. Kf2 e5 27. Qe2 exd4 28. exd4 Kh7 29. g4 hxg4 30. hxg4 Qxa4 31. Qd3 Qa2 32.
Qe2 a4 33. g5 a3 34. Bc3 Qb3 35. Qe1 Qc2+ 36. Kg3 a2 37. f4 Qb1 38. Qd2 a1=Q 39. Bxa1 Qxa1 40. Qg2 Qc3+ 0-1

[Event "Late-Titled-Tuesday-Blitz-March-19-2024"]
[Site "Chess.com"]
[Date "2024.03.19"]
[Round "10"]
[White "uzkuzk"]
[Black "ChessSwole"]
[Result "1-0"]
[WhiteElo "2493"]
[BlackElo "2654"]
[TimeControl "180+1"]
[EndTime "15:53:17 PDT"]
[Termination "uzkuzk won on time"]

1. e4 c6 2. d4 d5 3. exd5 cxd5 4. Bd3 Nf6 5. h3 Nc6 6. c3 g6 7. Nf3 Bf5 8. Be2 Bg7 9. O-O O-O 10. Re1 a6 11. Bf1 b5 12. Nbd2 Rb8 13. Nb3 Ne4 14.
Nbd2 b4 15. Nxe4 dxe4 16. Nd2 bxc3 17. bxc3 e5 18. Nxe4 exd4 19. Bxa6 dxc3 20. Qa4 c2 21. Qxc6 Qd1 22. Bb2 Bxe4 23. Qxe4 Qxa1 24. Bxa1 Bxa1 25. Qxc2 Bd4 26. Qe4 Rfd8 27. Bc4 Rb4 28. Bxf7+ Kg7 29. Qe7 Rbb8 30. Bb3+ Kh8 31. Rd1 Re8 32. Qf7 1-0

[Event "Late-Titled-Tuesday-Blitz-March-19-2024"]
[Site "Chess.com"]
[Date "2024.03.19"]
[Round "10"]
[White "Supelyel"]
[Black "Jamal-Jamal-Jamal"]
[Result "1-0"]
[WhiteElo "2387"]
[BlackElo "2265"]
[TimeControl "180+1"]
[EndTime "15:53:17 PDT"]
[Termination "Supelyel won on time"]

1. c4 f5 2. g3 Nf6 3. Bg2 Nc6 4. Nc3 e5 5. d3 Bb4 6. Bd2 O-O 7. e3 d6 8. Nge2 Be6 9. Nd5 Bxd2+ 10. Qxd2 Bxd5 11.
cxd5 Ne7 12. e4 c6 13. dxc6 bxc6 14. exf5 Rb8 15. O-O d5 16. Rac1 Qd6 17. a3 Nxf5 18.
b4 Kh8 19. Rc3 Ng4 20. h3 Nf6 21. Rfc1 Ne7 22. Rc5 Nd7 23. Ra5 Qf6 24. Nc3 e4 25. dxe4 d4 26. Nd1 Ne5 27. f4 N5g6 28. Rxa7 c5 29.
bxc5 Nc6 30. Rc7 Nce7 31. e5 Nxe5 32. fxe5 Qxe5 33. Rd7 Rbe8 34. Rxd4 Qxg3 35. Rg4 Qe5 36. Qc3 Qxc3 37. Rxc3 Nf5 38. Re4 1-0

[Event "Late-Titled-Tuesday-Blitz-March-19-2024"]
[Site "Chess.com"]
[Date "2024.03.19"]
[Round "10"]
[White "ploxoi"]
[Black "grandcoach"]
[Result "1-0"]
[WhiteElo "2406"]
[BlackElo "2230"]
[TimeControl "180+1"]
[EndTime "15:53:19 PDT"]
[Termination "ploxoi won on time"]

1. d4 Nf6 2. c4 e6 3. Nf3 d5 4. g3 dxc4 5. Bg2 Nc6 6. Nbd2 Nxd4 7.
Nxd4 Qxd4 8. Qa4+ Bd7 9. Qxc4 Qxc4 10. Nxc4 Bb4+ 11. Bd2 Bxd2+ 12. Kxd2 O-O-O 13. Kc2 Bb5 14. b3 Bxc4 15. bxc4 Rd4 16. Kb3 Rhd8 17. Bf3 Ne4 18. Bxe4 Rxe4 19. e3 Rd2 20. Rhf1 Re5 21. Kc3 Rd7 22.
Rae1 Ra5 23. Re2 Rd6 24. Rb1 Ra3+ 25. Rb3 Rxb3+ 26. axb3 Rd1 27. e4 c5 28. e5 Kc7 29.
Re4 g5 30. h4 Rf1 31. Re2 g4 32.
Kd3 h5 33. Ke4 Rb1 34. Kf4 Rxb3 35. Kg5 Rc3 36. Kxh5 Rxc4 37. Kg5 b5 38. h5 b4 39. h6 Rd4 40. Kf6 c4 41. h7 Rd8 42.
Re4 b3 43. Rxc4+ Kb6 44. Rb4+ Kc5 45. Rxb3 1-0

[Event "Late-Titled-Tuesday-Blitz-March-19-2024"]
[Site "Chess.com"]
[Date "2024.03.19"]
[Round "10"]
[White "sansanathalia"]
[Black "xakevicius91"]
[Result "1-0"]
[WhiteElo "2423"]
[BlackElo "2543"]
[TimeControl "180+1"]
[EndTime "15:53:20 PDT"]
[Termination "sansanathalia won by resignation"]

1. e4 c5 2. Nf3 a6 3. g3 Nc6 4.
Bg2 d6 5. O-O g6 6. c3 Bg7 7. d4 cxd4 8. cxd4 Bg4 9. d5 Nd4 10.
Nc3 Nxf3+ 11. Bxf3 Bxf3 12. Qxf3 Nf6 13. Be3 Nd7 14.
Qd1 O-O 15. Bd4 Bxd4 16. Qxd4 Qb6 17. Qxb6 Nxb6 18. b3 Rac8 19. Rac1 Rc7 20. Ne2 Rfc8 21. Rxc7 Rxc7 22. Rc1 Rxc1+ 23. Nxc1 f5 24. f3 Kf7 25.
Kf2 Kf6 26. Ke3 fxe4 27. fxe4 Nd7 28. Nd3 Ne5 29. Nf2 g5 30. h3 h5 31. Nd1 Nd7 32. Nb2 b5 33. Nd1 Nc5 34. Kd4 Nd7 35. Nb2 Ne5 36. Ke3 h4 37. g4 e6 38. dxe6 Kxe6 39.
Nd1 Ng6 40. Kd4 Nf4 41. Nf2 Kf6 42. a3 Ke6 43. a4 bxa4 44. bxa4 d5 45. exd5+ Nxd5 46. Ne4 Nb6 47. Nxg5+ Kf6 48. Ne4+ Kg6 49. a5 Na4 50.
Nc5 Nxc5 51. Kxc5 Kg5 52. Kb6 Kf4 53. Kxa6 Kg3 54. g5 Kxh3 55. g6 Kh2 56. g7 Kh1 57. g8=Q h3 58. Qh7 h2 59. Qxh2+ Kxh2 60. Kb7 1-0

[Event "Late-Titled-Tuesday-Blitz-March-19-2024"]
[Site "Chess.com"]
[Date "2024.03.19"]
[Round "10"]
[White "ThaBarWa"]
[Black "Quattroporte300"]
[Result "1-0"]
[WhiteElo "2346"]
[BlackElo "2468"]
[TimeControl "180+1"]
[EndTime "15:53:21 PDT"]
[Termination "ThaBarWa won by resignation"]

1. d4 g6 2. c4 Bg7 3. Nc3 d6 4.
Nf3 Nf6 5. e3 O-O 6. Be2 Nbd7 7.
O-O e5 8. Qc2 c6 9. b3 Qe7 10.
Ba3 e4 11. Nd2 Re8 12. Rae1 Qe6 13. d5 Qe5 14. dxc6 bxc6 15. Bb2 Qg5 16. Ndxe4 Nxe4 17. Nxe4 Rxe4 18. Bxg7 f5 19. Bb2 Kf7 20. f4 Qh6 21. Bf3 Nc5 22. b4 Be6 23. bxc5 Rxc4 24. Qd3 d5 25. Rc1 Ra4 26. Qc3 Ke7 27. Qf6+ Kd7 28. Qg7+ Qxg7 29. Bxg7 Rxa2 30. Ra1 Rc2 31. Bd4 a5 32.
Rfc1 Rxc1+ 33. Rxc1 Kc7 34. Ra1 Bc8 35. Kf2 a4 36. Ra3 h5 37. Bd1 Rb8 38. Be5+ 1-0

[Event "Late-Titled-Tuesday-Blitz-March-19-2024"]
[Site "Chess.com"]
[Date "2024.03.19"]
[Round "10"]
[White "andjela_djidjika"]
[Black "jcmesafischer"]
[Result "0-1"]
[WhiteElo "2123"]
[BlackElo "2358"]
[TimeControl "180+1"]
[EndTime "15:53:23 PDT"]
[Termination "jcmesafischer won by checkmate"]

1. e4 c5 2. Nf3 d6 3. c3 Nf6 4. Bd3 a6 5. O-O e6 6. e5 dxe5 7. Nxe5 Bd6 8. Qa4+ b5 9. Bxb5+ axb5 10. Qxa8 Bxe5 11.
a4 b4 12. a5 Qc7 13. g3 Bb7 14. Qa7 Nfd7 15. a6 Nxa6 16. Rxa6 O-O 17. cxb4 cxb4 18.
Re1 Nc5 19. Ra5 Qc6 20. f3 Qxf3 21. Qxc5 Qg2# 0-1

[Event "Late-Titled-Tuesday-Blitz-March-19-2024"]
[Site "Chess.com"]
[Date "2024.03.19"]
[Round "10"]
[White "andrzej"]
[Black "Piriflillo"]
[Result "1-0"]
[WhiteElo "2514"]
[BlackElo "2382"]
[TimeControl "180+1"]
[EndTime "15:53:25 PDT"]
[Termination "andrzej won by checkmate"]

1. e4 d5 2. exd5 Qxd5 3. Nc3 Qa5 4. d4 Nf6 5. Nf3 c6 6. Bc4 Bg4 7. h3 Qh5 8. Be2 e6 9. O-O Bxf3 10. Bxf3 Qa5 11. Ne2 Nbd7 12. c3 Bd6 13. Re1 O-O 14. Nf4 Qc7 15. g3 Nd5 16. Nd3 h6 17. Kg2 Rad8 18.
Qe2 Rfe8 19. Ne5 Nxe5 20. dxe5 Bc5 21. Be4 Ne7 22. Bc2 Ng6 23. h4 Rd5 24. f4 Ne7 25. h5 Red8 26. g4 Kf8 27. Qe4 Bb6 28. Re2 c5 29. b3 a6 30. Be3 c4 31. bxc4 R5d7 32. Ba4 Rd3 33. Bd4 R3xd4 34. cxd4 Rxd4 35. Qh7 Qxc4 36. Rc2 Qb4 37. Rc8+ Nxc8 38. Qh8+ Ke7 39. Qe8# 1-0

[Event "Late-Titled-Tuesday-Blitz-March-19-2024"]
[Site "Chess.com"]
[Date "2024.03.19"]
[Round "10"]
[White "Marcan2b"]
[Black "Jospem"]
[Result "0-1"]
[WhiteElo "2928"]
[BlackElo "3060"]
[TimeControl "180+1"]
[EndTime "15:53:26 PDT"]
[Termination "Jospem won by resignation"]

1. e4 c5 2. Nf3 d6 3. Nc3 a6 4. d4 cxd4 5. Nxd4 e6 6. Be3 Nf6 7. Be2 b5 8. Bf3 e5 9. Nf5 g6 10. Ng3 Nbd7 11. O-O Bb7 12. Qd2 h5 13. h3 Be7 14.
Rfd1 O-O 15. a3 Re8 16. Nf1 Rc8 17. Bg5 Qc7 18. Ne3 Kh7 19. Rac1 Qb6 20. Bxf6 Nxf6 21. Ncd5 Bxd5 22. Nxd5 Nxd5 23. Qxd5 Kg7 24. c3 Rc5 25.
Qd3 Rec8 26. Rc2 Qc7 27. Rdc1 Bg5 28. Rd1 Be7 29. Rdc1 Bg5 30. Rd1 Rc6 31. Be2 h4 32. Bg4 Rb8 33. g3 a5 34. Re2 b4 35. axb4 axb4 36. Rc2 Rbb6 37. Kg2 bxc3 38. bxc3 Rb3 39. Qd5 Ra3 40. Rd3 Ra5 41. Qb3 Rb6 0-1

[Event "Late-Titled-Tuesday-Blitz-March-19-2024"]
[Site "Chess.com"]
[Date "2024.03.19"]
[Round "10"]
[White "Evgeny81"]
[Black "mightysmasher"]
[Result "0-1"]
[WhiteElo "2753"]
[BlackElo "2611"]
[TimeControl "180+1"]
[EndTime "15:53:29 PDT"]
[Termination "mightysmasher won by resignation"]

1. e4 e6 2. d4 d5 3. Nc3 dxe4 4. Nxe4 Nd7 5. g3 Ngf6 6. Bg2 Nxe4 7. Bxe4 Nf6 8. Bg2 Bd6 9. Ne2 O-O 10. O-O Rb8 11.
c4 b6 12. Bf4 Ba6 13. Qb3 Re8 14. Rad1 Nd5 15. Bd2 h6 16. Rfe1 Nf6 17. Nc3 Qe7 18. Qa4 Bc8 19. d5 e5 20. Qc2 a5 21. Nb5 Bc5 22. h3 Nh5 23. Bc3 Qg5 24. Nxc7 Qxg3 25. Rd3 Qg6 26. Nxe8 Bxh3 27. Rxh3 Qxc2 28. Rxh5 Bxf2+ 29. Kf1 Bxe1 30. Bxe1 Qxc4+ 31. Kg1 Rxe8 32. Rh4 Qc5+ 33.
Bf2 Qc1+ 34. Kh2 Qxb2 35. Rc4 Qxf2 0-1

[Event "Late-Titled-Tuesday-Blitz-March-19-2024"]
[Site "Chess.com"]
[Date "2024.03.19"]
[Round "10"]
[White "ArmanGhevondyanchess"]
[Black "DavidGavrilescu18"]
[Result "1-0"]
[WhiteElo "2629"]
[BlackElo "2759"]
[TimeControl "180+1"]
[EndTime "15:53:32 PDT"]
[Termination "ArmanGhevondyanchess won by checkmate"]

1. Nf3 d5 2. g3 Nf6 3. Bg2 c5 4. O-O e6 5. d4 cxd4 6. Nxd4 e5 7. Nb3 Be6 8. c4 Nc6 9. cxd5 Nxd5 10. Nc3 Nxc3 11.
bxc3 Qc7 12. Be3 Rd8 13. Qc2 b6 14. Rfd1 Be7 15. Qe4 Nb8 16. Rxd8+ Bxd8 17. c4 Nd7 18. Rc1 f5 19. Qc6 Qxc6 20. Bxc6 Ke7 21. c5 h6 22. Bxd7 Bxd7 23. c6 a5 24. c7 a4 25. Nd2 b5 26.
c8=Q Bxc8 27. Rxc8 Kd7 28. Rb8 Kc6 29. Bb6 Bxb6 30.
Rxh8 Ba5 31. Nf3 b4 32. Nxe5+ Kd5 33. Nd3 Kc4 34. Rc8+ Kb5 35. Rb8+ Kc4 36. Ra8 Kb5 37. Kg2 g5 38. Rb8+ Kc4 39. Nb2+ Kc3 40. Nxa4+ Kc2 41. Rb5 Kb1 42. Rxa5 Kxa2 43. Rxf5 Ka3 44. Nc5 Kb2 45. Rf6 Kc3 46. Rxh6 Kc4 47. Na4 b3 48. Ra6 Kb4 49. Ra8 g4 50. h3 gxh3+ 51. Kxh3 Kb5 52. g4 Kc6 53. g5 Kb7 54. Rf8 Kc6 55. Rf5 b2 56. Nxb2 Kd6 57. e4 Ke6 58. g6 Ke7 59. g7 Ke6 60. g8=R Kd7 61. Rg6 Ke7 62. Ra6 Kd7 63. Rh5 Kc7 64. Rh7+ Kb8 65. Rg6 Kc8 66.
Rg8# 1-0

[Event "Late-Titled-Tuesday-Blitz-March-19-2024"]
[Site "Chess.com"]
[Date "2024.03.19"]
[Round "10"]
[White "AlexeiShirov"]
[Black "Njal28"]
[Result "1/2-1/2"]
[WhiteElo "2862"]
[BlackElo "3042"]
[TimeControl "180+1"]
[EndTime "15:53:34 PDT"]
[Termination "Game drawn by repetition"]

1. e4 e5 2. Nf3 Nc6 3. Bb5 a6 4. Ba4 Nf6 5. O-O Be7 6. Re1 b5 7. Bb3 O-O 8. h3 Bb7 9. d3 Na5 10. Nxe5 Nxb3 11. axb3 d5 12. exd5 Qxd5 13. Nf3 Rfe8 14. Nc3 Qh5 15. Ne5 Bd6 16. Qxh5 Nxh5 17. d4 c5 18. Be3 b4 19. Nc4 Bc7 20. Na4 cxd4 21. Bxd4 Nf4 22. Bb6 Bxb6 23. Naxb6 Nxg2 24. Rxe8+ Rxe8 25. Nd6 Re6 26. Nxb7 Rxb6 27. Kxg2 Rxb7 28.
Rxa6 g6 29. Rc6 Kg7 30. Kf3 h5 31. h4 Rd7 32. Rc4 Rb7 33. Kf4 f6 34. f3 Rb5 35.
Rc7+ Kh6 36. Rc6 Kg7 37. Rc7+ Kh6 38. Rc6 Rf5+ 39. Kg3 g5 40. hxg5+ Rxg5+ 41. Kh3 Kg6 42. Rc4 Rf5 43. Kg3 Rg5+ 44. Kh3 Rf5 45. Kg3 Rg5+ 46. Kh3 1/2-1/2

[Event "Late-Titled-Tuesday-Blitz-March-19-2024"]
[Site "Chess.com"]
[Date "2024.03.19"]
[Round "10"]
[White "hell3raiser"]
[Black "SultaiC"]
[Result "1-0"]
[WhiteElo "2376"]
[BlackElo "2494"]
[TimeControl "180+1"]
[EndTime "15:53:35 PDT"]
[Termination "hell3raiser won by resignation"]

1. e4 c5 2. b3 d6 3. Bb5+ Bd7 4. Bxd7+ Qxd7 5. Bb2 Nc6 6. f4 Nf6 7. d3 e6 8. Nf3 Be7 9. O-O Rc8 10. Nbd2 a6 11. a4 d5 12. e5 Ng8 13. Kh1 h5 14. Qe2 Nh6 15. c4 Nf5 16. cxd5 exd5 17. Ng5 h4 18. e6 fxe6 19. Nxe6 Ng3+ 20. hxg3 hxg3+ 21. Kg1 Bf6 22. Bxf6 gxf6 23. Nxc5+ Qe7 24. Qxe7+ Nxe7 25. Nxb7 Rc2 26. Rad1 Nf5 27. Rf3 Nd4 28. Rxg3 Ne2+ 29. Kf2 Nxg3 30. Kxg3 Kd7 31. d4 Rg8+ 32. Kf3 Rc3+ 33. Kf2 Ke6 34. Nc5+ Kf5 35. Nxa6 Rd3 36. Nc5 Rxd4 37. g3 Kg4 38. Nf1 Rxd1 39. Ne3+ Kh3 40. Nxd1 Rxg3 41. b4 Ra3 42. b5 Kg4 43. b6 Kxf4 44. b7 Ra2+ 45. Ke1 Rb2 46. Nxb2 1-0

[Event "Late-Titled-Tuesday-Blitz-March-19-2024"]
[Site "Chess.com"]
[Date "2024.03.19"]
[Round "10"]
[White "Julianos82"]
[Black "Mariia89"]
[Result "1-0"]
[WhiteElo "2403"]
[BlackElo "2280"]
[TimeControl "180+1"]
[EndTime "15:53:37 PDT"]
[Termination "Julianos82 won by checkmate"]

1. d4 Nf6 2. Nf3 c5 3. d5 d6 4. c4 b5 5. cxb5 a6 6. Nc3 axb5 7. e4 b4 8. Nb5 g6 9. Bg5 Bg7 10. Bd3 Qa5 11. O-O Nxe4 12. Re1 Nxg5 13. Nxd6+ Kd8 14.
Nxg5 exd6 15. Qf3 Rf8 16. Nxh7 Ra7 17. Nxf8 Bxf8 18. Qf6+ Be7 19. Qxf7 b3 20. Qg8+ Kd7 21. Bxg6 Qd8 22. Rxe7+ Qxe7 23. Bf5+ Kc7 24. Qxc8+ Kb6 25. Qxb8+ Rb7 26. Qa8 Qe5 27. axb3 Kc7 28. Qc8+ Kb6 29. Qc6# 1-0

[Event "Late-Titled-Tuesday-Blitz-March-19-2024"]
[Site "Chess.com"]
[Date "2024.03.19"]
[Round "10"]
[White "AryanTari"]
[Black "newyorkmouse"]
[Result "1-0"]
[WhiteElo "3014"]
[BlackElo "2683"]
[TimeControl "180+1"]
[EndTime "15:53:39 PDT"]
[Termination "AryanTari won on time"]

1. Nf3 c5 2. e3 Nc6 3. d4 cxd4 4. exd4 d5 5. Ne5 Qc7 6. Bf4 Qb6 7. Nc3 e6 8. Bb5 Nf6 9. Qe2 Be7 10. Na4 Qa5+ 11. c3 Bd7 12. Nxd7 Nxd7 13. b4 Qd8 14. Nc5 Nxc5 15.
dxc5 O-O 16. O-O Bf6 17. Bd6 Re8 18. Qf3 a6 19. Ba4 b5 20. Bc2 h6 21. a4 Ne5 22. Bxe5 Bxe5 23. Qd3 Qh4 24. f4 Bc7 25. axb5 e5 26. Qh7+ Kf8 27. b6 Bb8 28. Ba4 Rd8 29.
g3 Qh3 30. fxe5 Bxe5 31. Rae1 Qh5 32. Qh8+ Ke7 33. Qxg7 1-0

[Event "Late-Titled-Tuesday-Blitz-March-19-2024"]
[Site "Chess.com"]
[Date "2024.03.19"]
[Round "10"]
[White "rikchessmx"]
[Black "ritanovikova"]
[Result "0-1"]
[WhiteElo "2278"]
[BlackElo "2216"]
[TimeControl "180+1"]
[EndTime "15:53:39 PDT"]
[Termination "ritanovikova won on time"]

1. e4 e5 2. Nf3 Nc6 3. Bb5 a6 4. Ba4 Nf6 5. O-O b5 6. Bb3 d6 7. Re1 Na5 8. c3 c5 9. Bc2 Bg4 10. d3 Qc7 11. Nbd2 Be7 12. h3 Bh5 13. Nf1 O-O 14.
Ng3 Bxf3 15. Qxf3 g6 16. Bh6 Rfe8 17. Nf5 Bf8 18. Bxf8 Rxf8 19. Qg3 Nh5 20. Qg4 Kh8 21. Ne3 Nc6 22. Nd5 Qc8 23. Qh4 Qd8 24. Qg4 Ne7 25. Bb3 Nxd5 26. Bxd5 Ra7 27. g3 Qe8 28. Qf3 f5 29. exf5 gxf5 30. d4 Qg6 31. dxe5 Rg7 32. exd6 Qxd6 33. Qxh5 Qxd5 34. a4 Qg8 35. Kh2 f4 36. g4 Rg5 0-1